[ PARTIDA AOE2 · #505633955 ]
UnrankedTártaros vs Wu
Equipo del jugador · DERR
Equipo rival · VICT
[ ANÁLISIS DE REPETICIÓN · EXTRAÍDO DE LA PARTIDA GRABADA ]
Feudal
8:30
Castillos
22:59
Imperial
42:09
| APM promedio | 69.0 |
| APM pico | 106 |
| eAPM promedio | 31.1 |
| Aldeanos / militares | 158 / 187 |
Foco
⚔️ 33.9% · 🌾 66.1%
Cavalry Archer ×75 · Skirmisher ×72 · Archer ×29 · Scout Cavalry ×6 · Knight ×4 · Trebuchet (Packed) ×1
Feudal
9:16
Castillos
20:13
Imperial
38:31
| APM promedio | 69.2 |
| APM pico | 125 |
| eAPM promedio | 40.0 |
| Aldeanos / militares | 162 / 51 |
Foco
⚔️ 50.5% · 🌾 49.5%
Unknown (1968) ×64 · Spearman ×30 · Unknown (1974) ×27 · Unknown (1944) ×14 · Scorpion ×12 · Monk ×5
Mapa de la partida
Recursos iniciales + cada clic de construcción. Líneas = muros · curvas = relieve. ◆ oro · ⬟ piedra · ● bayas · ✦ reliquia · ◌ hueco del cierre
Tu base· Abierta — hueco de 4t
Base de Aaag Boy 1· Abierta — hueco de 4t
Terreno inicial suavizado · ◌ = hueco del cierre detectado · pasá el cursor para detalles
Inputs por minuto
— Joselu9710 - - Aaag Boy 1
Build order — Joselu9710
Primeras 150 de 471 acciones detectadas
| 0:00 | Encolar | Villager (Male) |
| 0:00 | Encolar | Villager (Male) |
| 0:01 | Construir | House |
| 0:03 | Construir | House |
| 0:13 | Encolar | Villager (Male) |
| 0:13 | Encolar | Villager (Male) |
| 1:24 | Encolar | Villager (Male) |
| 1:47 | Encolar | Villager (Male) |
| 1:52 | Construir | Lumber Camp |
| 2:20 | Encolar | Villager (Male) |
| 2:20 | Encolar | Villager (Male) |
| 2:49 | Encolar | Villager (Male) |
| 2:57 | Encolar | Villager (Male) |
| 3:46 | Encolar | Villager (Male) |
| 3:49 | Construir | House |
| 3:50 | Construir | House |
| 3:51 | Construir | Palisade Wall |
| 4:08 | Encolar | Villager (Male) |
| 4:21 | Encolar | Villager (Male) |
| 4:47 | Encolar | Villager (Male) |
| 4:47 | Encolar | Villager (Male) |
| 4:48 | Encolar | Villager (Male) |
| 5:05 | Encolar | Villager (Male) |
| 5:17 | Construir | Mill |
| 5:25 | Investigar | Loom |
| 5:30 | Construir | Mill |
| 6:20 | Investigar | Feudal Age |
| 6:20 | Investigar | Feudal Age |
| 6:42 | Encolar | Villager (Male) |
| 6:53 | Construir | House |
| 7:52 | Construir | Barracks |
| 8:30 | Edad | Edad Feudal |
| 8:39 | Construir | Stable |
| 8:52 | Construir | Stable |
| 8:59 | Encolar | Villager (Male) |
| 9:31 | Construir | House |
| 9:32 | Construir | House |
| 9:34 | Construir | House |
| 9:43 | Encolar | Scout Cavalry |
| 9:44 | Encolar | Villager (Male) |
| 9:49 | Encolar | Scout Cavalry |
| 9:50 | Encolar | Villager (Male) |
| 9:52 | Encolar | Scout Cavalry |
| 9:58 | Encolar | Scout Cavalry |
| 10:07 | Construir | House |
| 10:11 | Encolar | Villager (Male) |
| 10:12 | Encolar | Villager (Male) |
| 10:15 | Construir | Farm |
| 10:23 | Encolar | Villager (Male) |
| 10:27 | Encolar | Scout Cavalry |
| 10:35 | Construir | Farm |
| 10:49 | Encolar | Villager (Male) |
| 10:55 | Encolar | Scout Cavalry |
| 11:18 | Construir | Farm |
| 11:33 | Encolar | Villager (Male) |
| 11:34 | Encolar | Villager (Male) |
| 11:48 | Investigar | Double-Bit Axe |
| 11:49 | Investigar | Double-Bit Axe |
| 11:59 | Construir | Palisade Wall |
| 12:00 | Construir | Palisade Wall |
| 12:02 | Encolar | Villager (Male) |
| 12:16 | Encolar | Villager (Male) |
| 12:20 | Construir | Palisade Wall |
| 12:28 | Construir | Archery Range |
| 12:36 | Construir | Palisade Wall |
| 12:42 | Encolar | Villager (Male) |
| 13:18 | Encolar | Skirmisher |
| 13:19 | Encolar | Villager (Male) |
| 13:24 | Construir | Farm |
| 13:26 | Construir | Farm |
| 13:37 | Encolar | Skirmisher |
| 13:39 | Construir | Farm |
| 13:42 | Construir | Farm |
| 13:47 | Encolar | Villager (Male) |
| 13:54 | Encolar | Villager (Male) |
| 14:23 | Construir | Farm |
| 14:23 | Encolar | Villager (Male) |
| 14:29 | Construir | Farm |
| 14:30 | Construir | Farm |
| 14:31 | Construir | Farm |
| 14:32 | Encolar | Villager (Male) |
| 14:40 | Construir | Farm |
| 14:41 | Construir | Farm |
| 14:43 | Encolar | Archer |
| 14:57 | Construir | Palisade Wall |
| 15:00 | Encolar | Skirmisher |
| 15:00 | Encolar | Villager (Male) |
| 15:05 | Construir | Mining Camp |
| 15:19 | Construir | Palisade Wall |
| 15:24 | Construir | Palisade Wall |
| 15:33 | Construir | Palisade Wall |
| 15:38 | Encolar | Villager (Male) |
| 15:48 | Construir | Blacksmith |
| 15:57 | Encolar | Archer |
| 16:24 | Encolar | Skirmisher |
| 16:25 | Encolar | Villager (Male) |
| 16:28 | Encolar | Villager (Male) |
| 16:30 | Encolar | Skirmisher |
| 16:37 | Investigar | Fletching |
| 16:39 | Construir | House |
| 16:42 | Encolar | Skirmisher |
| 16:48 | Encolar | Archer |
| 16:55 | Encolar | Villager (Male) |
| 17:08 | Construir | House |
| 17:10 | Construir | Farm |
| 17:14 | Encolar | Skirmisher |
| 17:17 | Encolar | Archer |
| 17:25 | Construir | Archery Range |
| 17:28 | Encolar | Villager (Male) |
| 17:36 | Encolar | Archer |
| 17:36 | Encolar | Villager (Male) |
| 17:54 | Encolar | Archer |
| 18:16 | Encolar | Villager (Male) |
| 18:18 | Encolar | Archer |
| 18:18 | Encolar | Archer |
| 18:21 | Encolar | Archer |
| 18:21 | Encolar | Archer |
| 18:45 | Encolar | Villager (Male) |
| 18:47 | Encolar | Archer |
| 18:50 | Construir | Market |
| 18:51 | Construir | House |
| 18:55 | Encolar | Villager (Male) |
| 18:55 | Encolar | Archer |
| 19:00 | Construir | House |
| 19:01 | Construir | House |
| 19:32 | Encolar | Archer |
| 19:32 | Encolar | Archer |
| 19:48 | Encolar | Villager (Male) |
| 19:51 | Encolar | Archer |
| 20:19 | Investigar | Castle Age |
| 20:19 | Investigar | Castle Age |
| 20:25 | Construir | Palisade Wall |
| 20:30 | Construir | Palisade Wall |
| 20:34 | Encolar | Archer |
| 20:41 | Construir | Palisade Wall |
| 20:45 | Construir | House |
| 20:47 | Construir | Palisade Wall |
| 20:53 | Encolar | Archer |
| 21:07 | Encolar | Archer |
| 21:10 | Encolar | Archer |
| 21:13 | Construir | Palisade Wall |
| 21:22 | Encolar | Archer |
| 21:23 | Encolar | Villager (Male) |
| 21:31 | Encolar | Archer |
| 21:36 | Encolar | Archer |
| 21:40 | Investigar | Horse Collar |
| 21:48 | Construir | Lumber Camp |
| 21:58 | Construir | House |
| 22:01 | Construir | House |
| 22:04 | Construir | House |
Build order — Aaag Boy 1
Primeras 150 de 507 acciones detectadas
| 0:01 | Encolar | Villager (Male) |
| 0:01 | Encolar | Villager (Male) |
| 0:02 | Construir | House |
| 0:03 | Construir | House |
| 0:06 | Encolar | Villager (Male) |
| 0:06 | Encolar | Villager (Male) |
| 1:26 | Encolar | Villager (Male) |
| 1:27 | Encolar | Villager (Male) |
| 1:27 | Encolar | Villager (Male) |
| 1:56 | Encolar | Villager (Male) |
| 1:56 | Encolar | Villager (Male) |
| 1:57 | Encolar | Villager (Male) |
| 2:12 | Construir | Lumber Camp |
| 2:15 | Encolar | Villager (Male) |
| 2:15 | Encolar | Villager (Male) |
| 2:35 | Encolar | Villager (Male) |
| 3:04 | Encolar | Villager (Male) |
| 3:11 | Construir | House |
| 3:26 | Encolar | Villager (Male) |
| 3:55 | Encolar | Villager (Male) |
| 4:14 | Encolar | Villager (Male) |
| 4:14 | Encolar | Villager (Male) |
| 4:33 | Encolar | Villager (Male) |
| 5:06 | Encolar | Villager (Male) |
| 5:06 | Encolar | Villager (Male) |
| 5:06 | Encolar | Villager (Male) |
| 5:16 | Construir | Barracks |
| 5:31 | Encolar | Villager (Male) |
| 5:43 | Construir | House |
| 5:49 | Construir | House |
| 5:53 | Construir | Palisade Wall |
| 5:55 | Construir | Palisade Wall |
| 5:56 | Construir | Palisade Wall |
| 5:59 | Encolar | Villager (Male) |
| 6:33 | Investigar | Loom |
| 6:40 | Construir | House |
| 6:56 | Investigar | Feudal Age |
| 6:56 | Investigar | Feudal Age |
| 7:10 | Encolar | Militia |
| 7:10 | Encolar | Militia |
| 7:10 | Encolar | Militia |
| 7:36 | Encolar | Militia |
| 7:43 | Construir | Mill |
| 8:34 | Construir | Mining Camp |
| 9:04 | Encolar | Villager (Male) |
| 9:07 | Encolar | Villager (Male) |
| 9:16 | Edad | Edad Feudal |
| 9:37 | Investigar | Man-at-Arms (upgrade) |
| 9:45 | Encolar | Villager (Male) |
| 9:48 | Construir | Farm |
| 9:52 | Construir | Farm |
| 9:54 | Construir | Farm |
| 9:55 | Encolar | Spearman |
| 9:55 | Encolar | Spearman |
| 10:03 | Encolar | Villager (Male) |
| 10:07 | Construir | Palisade Wall |
| 10:13 | Construir | Palisade Wall |
| 10:21 | Construir | Palisade Wall |
| 10:24 | Construir | House |
| 10:26 | Construir | House |
| 10:27 | Construir | Palisade Wall |
| 10:29 | Encolar | Villager (Male) |
| 10:37 | Construir | Palisade Wall |
| 10:46 | Investigar | Double-Bit Axe |
| 10:46 | Investigar | Double-Bit Axe |
| 11:03 | Construir | Farm |
| 11:08 | Encolar | Villager (Male) |
| 11:08 | Encolar | Villager (Male) |
| 11:37 | Construir | Farm |
| 11:37 | Encolar | Villager (Male) |
| 11:38 | Encolar | Villager (Male) |
| 11:46 | Construir | House |
| 11:51 | Encolar | Villager (Male) |
| 11:51 | Encolar | Villager (Male) |
| 11:51 | Encolar | Villager (Male) |
| 11:55 | Construir | Farm |
| 11:59 | Encolar | Spearman |
| 12:17 | Encolar | Villager (Male) |
| 12:19 | Construir | Farm |
| 12:24 | Construir | Farm |
| 12:36 | Construir | Farm |
| 12:37 | Encolar | Villager (Male) |
| 12:55 | Construir | Farm |
| 12:55 | Encolar | Villager (Male) |
| 12:57 | Encolar | Spearman |
| 13:19 | Encolar | Spearman |
| 13:28 | Encolar | Villager (Male) |
| 13:48 | Encolar | Villager (Male) |
| 13:58 | Construir | House |
| 14:26 | Encolar | Villager (Male) |
| 14:30 | Construir | Stable |
| 14:34 | Encolar | Villager (Male) |
| 14:43 | Construir | Blacksmith |
| 14:57 | Construir | Palisade Wall |
| 15:02 | Encolar | Villager (Male) |
| 15:05 | Construir | Farm |
| 15:13 | Encolar | Spearman |
| 15:25 | Encolar | Villager (Male) |
| 15:27 | Encolar | Spearman |
| 15:44 | Construir | Farm |
| 15:57 | Encolar | Villager (Male) |
| 16:13 | Construir | Farm |
| 16:14 | Encolar | Villager (Male) |
| 16:49 | Encolar | Villager (Male) |
| 16:52 | Construir | Market |
| 17:18 | Construir | Farm |
| 17:25 | Construir | Lumber Camp |
| 17:33 | Investigar | Castle Age |
| 17:33 | Investigar | Castle Age |
| 17:59 | Construir | Stable |
| 18:21 | Investigar | Bloodlines |
| 18:22 | Investigar | Bloodlines |
| 18:45 | Construir | Farm |
| 18:49 | Construir | Farm |
| 18:52 | Investigar | Horse Collar |
| 18:52 | Investigar | Horse Collar |
| 18:58 | Investigar | Scale Barding Armor |
| 18:58 | Investigar | Scale Barding Armor |
| 19:01 | Construir | Farm |
| 19:04 | Construir | Farm |
| 19:08 | Construir | Farm |
| 19:11 | Construir | House |
| 19:53 | Encolar | Villager (Male) |
| 19:56 | Construir | Farm |
| 20:09 | Encolar | Villager (Male) |
| 20:13 | Edad | Edad de los Castillos |
| 20:14 | Encolar | Unit 1944 |
| 20:15 | Encolar | Unit 1944 |
| 20:15 | Encolar | Unit 1944 |
| 20:22 | Construir | Town Center |
| 20:30 | Encolar | Unit 1944 |
| 20:31 | Encolar | Unit 1944 |
| 20:42 | Encolar | Villager (Male) |
| 20:58 | Encolar | Unit 1944 |
| 21:08 | Encolar | Villager (Male) |
| 21:14 | Construir | Monastery |
| 21:26 | Encolar | Unit 1944 |
| 21:30 | Encolar | Villager (Male) |
| 21:33 | Construir | House |
| 21:35 | Construir | House |
| 21:43 | Encolar | Unit 1944 |
| 21:43 | Encolar | Unit 1944 |
| 21:51 | Encolar | Unit 1944 |
| 21:51 | Encolar | Unit 1944 |
| 22:01 | Encolar | Villager (Male) |
| 22:02 | Encolar | Villager (Male) |
| 22:03 | Construir | Farm |
| 22:18 | Encolar | Villager (Male) |
| 22:26 | Encolar | Monk |
| 22:39 | Encolar | Villager (Male) |
Cronología de la partida
| 3:51 | Joselu9710 · wall_segment Palisade Wall x3 |
| 5:16 | Aaag Boy 1 · first_building Barracks |
| 5:53 | Aaag Boy 1 · wall_segment Palisade Wall x1 |
| 5:55 | Aaag Boy 1 · wall_segment Palisade Wall x1 |
| 5:56 | Aaag Boy 1 · wall_segment Palisade Wall x1 |
| 7:52 | Joselu9710 · first_building Barracks |
| 8:30 | Joselu9710 · age_up feudal |
| 8:39 | Joselu9710 · first_building Stable |
| 9:16 | Aaag Boy 1 · age_up feudal |
| 10:07 | Aaag Boy 1 · wall_segment Palisade Wall x8 |
| 10:13 | Aaag Boy 1 · wall_segment Palisade Wall x1 |
| 10:21 | Aaag Boy 1 · wall_segment Palisade Wall x13 |
| 10:27 | Aaag Boy 1 · wall_segment Palisade Wall x1 |
| 10:37 | Aaag Boy 1 · wall_segment Palisade Wall x6 |
| 11:59 | Joselu9710 · wall_segment Palisade Wall x1 |
| 12:00 | Joselu9710 · wall_segment Palisade Wall x4 |
| 12:20 | Joselu9710 · wall_segment Palisade Wall x1 |
| 12:28 | Joselu9710 · first_building Archery Range |
| 12:36 | Joselu9710 · wall_segment Palisade Wall x1 |
| 14:30 | Aaag Boy 1 · first_building Stable |
| 14:57 | Aaag Boy 1 · wall_segment Palisade Wall x1 |
| 14:57 | Joselu9710 · wall_segment Palisade Wall x1 |
| 15:19 | Joselu9710 · wall_segment Palisade Wall x1 |
| 15:24 | Joselu9710 · wall_segment Palisade Wall x1 |
| 15:33 | Joselu9710 · wall_segment Palisade Wall x6 |
| 19:54 | Joselu9710 · first_market_buy 500 food |
| 19:55 | Joselu9710 · first_market_sell 500 stone |
| 20:13 | Aaag Boy 1 · age_up castle |
| 20:25 | Joselu9710 · wall_segment Palisade Wall x8 |
| 20:30 | Joselu9710 · wall_segment Palisade Wall x18 |
| 20:41 | Joselu9710 · wall_segment Palisade Wall x1 |
| 20:47 | Joselu9710 · wall_segment Palisade Wall x6 |
| 21:13 | Joselu9710 · wall_segment Palisade Wall x1 |
| 21:14 | Aaag Boy 1 · first_building Monastery |
| 22:59 | Joselu9710 · age_up castle |
| 23:42 | Joselu9710 · wall_segment Palisade Wall x1 |
| 24:00 | Aaag Boy 1 · first_building Siege Workshop |
| 24:13 | Joselu9710 · wall_segment Palisade Wall x1 |
| 24:15 | Joselu9710 · wall_segment Palisade Wall x1 |
| 26:37 | Aaag Boy 1 · first_market_sell 100 wood |
| 26:38 | Aaag Boy 1 · first_market_buy 100 stone |
| 27:30 | Joselu9710 · first_building Monastery |
| 27:33 | Joselu9710 · wall_segment Palisade Wall x3 |
| 30:21 | Aaag Boy 1 · first_building Castle |
| 31:58 | Joselu9710 · first_building Siege Workshop |
| 37:35 | Aaag Boy 1 · first_building Archery Range |
| 38:03 | Joselu9710 · first_building Castle |
| 38:31 | Aaag Boy 1 · age_up imperial |
| 42:09 | Joselu9710 · age_up imperial |
| 44:42 | Joselu9710 · resign |
[ ANÁLISIS IA · 1 CRÉDITO ]
¿Qué pasó realmente en esta partida?
Wolo.gg analiza cada decisión: build order, eco, micro, errores típicos por bracket. Análisis personalizado por WhatsApp o Discord en 30 segundos.
Guía civ
Tártaros
Perfil
Jugador #2871715